 Dungeon Crawl Stone Soup version 0.29.0-15-g675c0067aa (webtiles) character file.

Game seed: 7868348227004117737

34010 qw the Severer (level 13, -7/84 HPs)
             Began as a Gargoyle Fighter on Sept 12, 2022.
             Was a High Priest of Okawaru.
             Mangled by an eidolon (14 damage)
             ... on level 1 of the Abyss.
             The game lasted 00:07:26 (13091 turns).

qw the Severer (Gargoyle Fighter)                  Turns: 13091, Time: 00:07:27

Health: -7/84      AC: 37    Str: 32    XL:     13   Next: 74%
Magic:  20/20      EV: 11    Int:  8    God:    Okawaru [*****.]
Gold:   575        SH:  6    Dex:  9    Spells: 12/12 levels left

rFire   + + +      SeeInvis .   Y - +2 broad axe
rCold   . . .      Faith    .   c - +0 buckler
rNeg    + + .      Spirit   .   w - +7 chain mail "Tofeh" {rF++ rN+}
rPois   inf        Reflect  .   g - +1 helmet
rElec   +          Harm     .   (no cloak)
rCorr   .          Rampage  .   j - +2 pair of gloves
Will    +....                   o - +0 pair of boots
Stlth   ..........              m - amulet of regeneration
HPRegen 1.04/turn               h - +6 ring of strength
MPRegen 0.17/turn               s - ring of protection from fire

@: heroic, slowed, unable to read, very slow
A: sickness immunity, AC +9, negative energy resistance 1, electricity
resistance, torment resistance 1, petrification resistance, strong-willed 1,
MP-powered wands, [inability to read after injury 1]
a: Renounce Religion, Heroism, Finesse, Duel


You were on level 1 of the Abyss.
You worshipped Okawaru.
Okawaru was extremely pleased with you.
You visited 2 branches of the dungeon, and saw 14 of its levels.
You visited the Abyss 2 times.
You also visited: Sewer and Ossuary.

You collected 1029 gold pieces.
You spent 454 gold pieces at shops.


Innate Abilities, Weirdness & Mutations

You are immune to sickness and miasma.
Your stone body is resilient. (AC +9)
You are immune to poison.
You resist negative energy. (rN+)
You are resistant to electric shocks. (rElec)
You are resistant to unholy torment.
You are immune to petrification.
You are strong-willed. (Will+)
You expend magic power (3 MP) to strengthen your wands.
[You occasionally lose the ability to read scrolls when taking damage.]


   Skills:
 - Level 11.0(16.0) Fighting
 + Level 15.0(20.0) Axes
 - Level 2.0(7.0) Throwing
 - Level 9.0(14.0) Armour
 - Level 2.3(7.3) Dodging
 - Level 7.1(12.1) Shields
 - Level 10.0 Invocations


You had 12 spell levels left.
You didn't know any spells.
Your spell library was empty.

Inventory:

Hand Weapons
 y - a +1 demon whip of venom
 Y - a +2 broad axe (weapon)
Missiles
 x - 2 boomerangs (quivered)
Armour
 c - a +0 buckler (worn)
 g - a +1 helmet (worn)
 j - a +2 pair of gloves (worn)
 o - a +0 pair of boots (worn)
 u - +0 acid dragon scales
 w - the +7 chain mail "Tofeh" (worn) {rF++ rN+}
   (You bought it in a shop on level 10 of the Dungeon)

   rF:        It greatly protects you from fire.
   rN:        It protects you from negative energy.
Jewellery
 f - a ring of ice
 h - a +6 ring of strength (left hand)
 l - a ring of resist corrosion
 m - an amulet of regeneration (around neck)
 s - a ring of protection from fire (right hand)
 v - a ring of resist corrosion
Scrolls
 a - 5 scrolls of identify
 e - 4 scrolls of blinking
Potions
 b - 2 potions of lignification
 d - 7 potions of might
 i - 2 potions of curing
 k - 4 potions of mutation
 q - 2 potions of haste
 t - 3 potions of attraction

Dungeon Overview and Level Annotations

Branches:
Dungeon (11/15)            Temple (0/1) D:7            Lair (3/5) D:11
 Shoals (0/4) Lair:3       Spider (0/4) Lair:2          Orc (0/2) D:10
  Sewer (visited)         Ossuary (visited)

Altars:
Ashenzari
Fedhas
Kikubaaqudgha
Makhleb
Okawaru
Uskayaw
Vehumet
Zin

Shops:
D:1 =   D:7 *   D:10 [

Portals:
Bailey: D:8

Annotations:
D:4 1 runed translucent door, Crazy Yiuf
D:6 2 transporters, qw's ghost, novice GrFi
Lair:3 3 runed translucent doors, Sonja; qw's ghost, journeyman TrCA


Message History

You hit the eidolon but do no damage.
The eidolon is moderately damaged.
You hit the worldbinder.
The worldbinder calls forth creatures from the Elven Halls!
The eidolon hits you but does no damage.
You block the eidolon's attack.
You slash the eidolon!
The eidolon is heavily damaged.
You slice the worldbinder!!
The worldbinder hits you but does no damage. x2
The eidolon closely misses you. The eidolon hits you.
An iron imp comes into view.
The worldbinder calls forth creatures from the Elven Halls!
The iron imp shouts!
You slice the eidolon!!
The eidolon is severely damaged.
You slice the deep elf pyromancer!! You slash the worldbinder!
You can read scrolls again.
The deep elf zephyrmancer disappears in a puff of smoke!
The worldbinder hits you but does no damage.
The worldbinder hits you.
The eidolon hits you but does no damage. x2
The deep elf pyromancer barely misses you.
You slice the worldbinder!!
You destroy the worldbinder!
Okawaru accepts your kill.
The deep elf pyromancer disappears in a puff of smoke!
The deep elf zephyrmancer disappears in a puff of smoke!
The deep elf knight disappears in a puff of smoke!
You hit the eidolon. The eidolon closely misses you.
The eidolon hits you but does no damage.
You feel the corruption within you wane somewhat.
You feel agile. x2; You feel robust.
Your base Axes skill increases to level 15!
You hit the eidolon.
The eidolon is severely damaged.
The eidolon hits you!
You feel threatened and lose the ability to read scrolls!
You die...

.. . . .... # . .
.#. . ...##... .
%...... . .#.#....
. # .. ##%..##.. .
#.####)..%..#. . .
. ..##.#.#.......#.
_# #....¤....... .
####.¤¤@......## #
#.# ##.#W........ .
.......#..#.. ..
..#.#......... ...
##......#..........
. #..#...####5#.#.
#....... .#.. .
...... .


You could see an eidolon and an iron imp.

Vanquished Creatures
  A bone dragon (Abyss:1)
  A tentacled starspawn (Abyss:1)
  A red draconian (Abyss:1)
  A boulder beetle (D:11)
  Fannar (D:10)
  A hydra (Lair:3)
  3 two-headed ogres
  A storm dragon zombie (Abyss:1)
  A thrashing horror (Abyss:1)
  Amaemon (Lair:1)
  2 wretched stars (Abyss:1)
  Pikel (D:7)
  An anaconda skeleton (Abyss:1)
  7 starcursed masses (Abyss:1)
  2 manticores
  2 worldbinders (Abyss:1)
  4 black mambas
  An orange demon (Lair:1)
  4 cane toads
  Maggie (D:7)
  2 komodo dragons
  A rime drake (Lair:2)
  An ancient zyme (Abyss:1)
  4 trolls
  A hornet (D:9)
  A harpy skeleton (Abyss:1)
  8 blink frogs
  8 raiju (Abyss:1)
  Sigmund (D:6)
  3 shadows
  Eustachio (D:4)
  A wyvern (D:7)
  3 wraiths
  18 yaks
  A basilisk (Lair:2)
  A ynoxinul (Abyss:1)
  4 golden eyes (Abyss:1)
  Grum (D:8)
  5 vampire mosquitoes
  An acid dragon (D:10)
  8 water moccasins
  3 orc warriors
  2 black bears (Lair:1)
  2 ice beasts
  18 wolves
  4 centaurs
  A lemure (D:7)
  3 kobold brigands
  A phantom (D:5)
  2 gnoll sergeants
  9 bullfrogs
  A necrophage (D:7)
  8 scorpions
  14 wights
  3 small abominations (Abyss:1)
  3 killer bees (D:10)
  An electric eel (Lair:1)
  A howler monkey (D:4)
  4 orc priests
  2 hounds
  2 jellies (D:8)
  3 iguanas
  7 orc wizards
  10 gnolls
  3 river rats (Sewer)
  12 adders
  A shadow imp (D:8)
  A white imp (D:6)
  A worm (D:5)
  A dart slug (D:1)
  15 orcs
  11 ball pythons
  5 bats
  6 endoplasms
  7 giant cockroaches
  7 hobgoblins
  6 jackals (D:4)
  6 quokkas
  A ball python skeleton (Ossuary)
  6 frilled lizards
  10 goblins
  2 hobgoblin skeletons (Ossuary)
  A hobgoblin zombie (Ossuary)
  31 kobolds
  A kobold zombie (Ossuary)
  An orc skeleton (Ossuary)
  An orc zombie (Ossuary)
  24 rats
  3 starspawn tentacles (Abyss:1)
378 creatures vanquished.

Vanquished Creatures (others)
  23 fungi
  43 plants
  A starspawn tentacle (Abyss:1)
  3 toadstools (D:2)
70 creatures vanquished.

Grand Total: 448 creatures vanquished

Notes
Turn   | Place    | Note
-------+----------+-------------------------------------------
     0 | D:1      | qw the Gargoyle Fighter began the quest for the Orb.
     0 | D:1      | Reached XP level 1. HP: 14/14 MP: 1/1
     0 | D:1      | 0 ||| qw: Version: 0.1-a-119-g272c26d
     0 | D:1      | 0 ||| qw: Game counter: 10768
     0 | D:1      | 0 ||| qw: Always use a shield: true
     0 | D:1      | 0 ||| qw: God list: Okawaru
     0 | D:1      | 0 ||| qw: Allow faded altars: false
     0 | D:1      | 0 ||| qw: Do Orc after D:15 true
     0 | D:1      | 0 ||| qw: Do second Lair branch before Depths: true
     0 | D:1      | 0 ||| qw: Lair rune preference: random
     0 | D:1      | 0 ||| qw: Plans: Normal, Zot, God:TSO, Crypt, Tomb, Pan,
                  | Slime, Hells, Zig, Abyss, Orb
     0 | D:1      | 0 ||| PLANNING D:1-11
   119 | D:1      | Reached skill level 2 in Axes
   133 | D:1      | Found Cuwagix's Jewellery Shoppe.
   144 | D:1      | 144 ||| SHOPLISTING +4 ring of evasion (396 gold, have 0).
   144 | D:1      | 144 ||| SHOPLISTING +6 ring of dexterity (396 gold, have
                  | 0).
   144 | D:1      | 144 ||| SHOPLISTING +6 ring of strength (396 gold, have 0).
   144 | D:1      | 144 ||| SHOPLISTING amulet of guardian spirit (330 gold,
                  | have 0).
   144 | D:1      | 144 ||| SHOPLISTING amulet of reflection (330 gold, have
                  | 0).
   144 | D:1      | 144 ||| SHOPLISTING ring of positive energy (220 gold, have
                  | 0).
   144 | D:1      | 144 ||| SHOPLISTING ring of see invisible (165 gold, have
                  | 0).
   144 | D:1      | 144 ||| SHOPLISTING ring of willpower (275 gold, have 0).
   168 | D:1      | 168 ||| Stepping ~*~*~tactically~*~*~ (stealth).
   173 | D:1      | Reached XP level 2. HP: 15/19 MP: 2/2
   302 | D:1      | 302 ||| Stepping ~*~*~tactically~*~*~ (hiding).
   671 | D:1      | Reached skill level 3 in Axes
   752 | D:1      | Reached XP level 3. HP: 22/23 MP: 3/3
   819 | D:1      | 819 ||| UPGRADING to +0 helmet.
   824 | D:1      | 824 ||| UPGRADING to +0 chain mail.
   834 | D:1      | 834 ||| DROPPING +0 scale mail.
   835 | D:1      | 835 ||| UPGRADING to amulet of regeneration.
   840 | D:1      | 840 ||| UPGRADING to +6 ring of strength.
   841 | D:1      | 841 ||| READING scroll labelled WYKYIV WIANLODECONT.
   842 | D:1      | 842 ||| READING scroll labelled AGUTE OFRE.
   843 | D:1      | 843 ||| READING scroll labelled PYMMO UBUS.
  1217 | D:2      | You fall into a shaft and drop 2 floors!
  1218 | D:4      | 1218 ||| PLANNING OSSUARY
  1375 | D:4      | Found a sand-covered staircase.
  1376 | D:4      | 1376 ||| UPGRADING to ring of resist corrosion.
  1377 | D:4      | 1377 ||| READING scroll labelled JOIZES PUALIJ.
  1388 | D:4      | 1388 ||| DRINKING 2 bubbling coppery potions.
  1389 | D:4      | 1389 ||| DRINKING 3 viscous cyan potions.
  1389 | D:4      | Gained mutation: You expend magic power (3 MP) to
                  | strengthen your wands. [potion of mutation]
  1389 | D:4      | Gained mutation: You are strong-willed. (Will+) [potion of
                  | mutation]
  1390 | D:4      | 1390 ||| READING 3 scrolls of identify.
  1390 | D:4      | 1390 ||| IDENTIFYING fizzy emerald potion
  1391 | D:4      | 1391 ||| READING 2 scrolls of identify.
  1391 | D:4      | 1391 ||| IDENTIFYING bubbling purple potion
  1392 | D:4      | 1392 ||| DROPPING potion of degeneration.
  1393 | D:4      | 1393 ||| DROPPING potion of invisibility.
  1409 | D:4      | Reached XP level 4. HP: 28/28 MP: 4/4
  1528 | D:4      | Reached skill level 4 in Axes
  1540 | D:4      | Noticed a scorpion
  1546 | D:4      | Killed a scorpion
  1547 | D:4      | Reached XP level 5. HP: 32/32 MP: 5/5
  1586 | Ossuary  | Entered an ossuary
  1659 | Ossuary  | Reached skill level 5 in Axes
  1682 | Ossuary  | Reached XP level 6. HP: 24/38 MP: 6/6
  1717 | Ossuary  | Noticed a wraith
  1717 | Ossuary  | Noticed a flying skull
  1730 | Ossuary  | Noticed a flying skull
  1752 | Ossuary  | Noticed a flying skull
  1760 | Ossuary  | Noticed a wraith
  1780 | Ossuary  | Killed a wraith
  1781 | Ossuary  | Reached skill level 6 in Axes
  1896 | Ossuary  | Noticed a flying skull
  1904 | Ossuary  | Noticed a wraith
  1920 | Ossuary  | Killed a wraith
  1921 | Ossuary  | Reached XP level 7. HP: 27/43 MP: 7/7
  1944 | Ossuary  | Noticed a flying skull
  1969 | Ossuary  | 1969 ||| DROPPING +0 whip.
  1985 | Ossuary  | 1985 ||| READING scroll labelled IFAGEOL INIA.
  1986 | Ossuary  | 1986 ||| READING scroll labelled WOWEINU BUSODE.
  1987 | Ossuary  | 1987 ||| READING scroll labelled JIUKAGHOPP.
  1988 | Ossuary  | 1988 ||| DRINKING 2 fizzy clear potions.
  1989 | Ossuary  | 1989 ||| DROPPING potion of flight.
  2048 | D:4      | 2048 ||| PLANNING D:1-11
  2089 | D:3      | Found a blossoming altar of Fedhas.
  2346 | D:2      | Found a faded altar of an unknown god.
  2517 | D:2      | 2517 ||| DROPPING ring of magical power.
  2518 | D:2      | 2518 ||| READING 3 scrolls labelled HOISET WELYN.
  2519 | D:2      | 2519 ||| READING 2 scrolls of identify.
  2519 | D:2      | 2519 ||| IDENTIFYING grey potion
  2555 | D:3      | 2555 ||| Stepping ~*~*~tactically~*~*~ (hiding).
  2601 | D:3      | 2601 ||| Stepping ~*~*~tactically~*~*~ (stealth).
  2625 | D:3      | 2625 ||| Stepping ~*~*~tactically~*~*~ (stealth).
  3071 | D:3      | 3071 ||| DRINKING 2 bubbling silvery potions.
  3072 | D:3      | 3072 ||| DROPPING potion of brilliance.
  3186 | D:4      | 3186 ||| Stepping ~*~*~tactically~*~*~ (stealth).
  3193 | D:4      | Reached skill level 7 in Axes
  3226 | D:4      | Noticed Eustachio
  3234 | D:4      | Reached XP level 8. HP: 48/48 MP: 8/8
  3248 | D:4      | Killed Eustachio
  3289 | D:4      | Identified the +4 scale mail "Gairega" {Harm Will- MP+9
                  | Dex+2}
  3715 | D:4      | Found a runed translucent door.
  3716 | D:4      | Noticed Crazy Yiuf
  3719 | D:4      | 3719 ||| READING scroll labelled IMAZOA CEIRAU.
  3814 | D:5      | Entered Level 5 of the Dungeon
  4024 | D:5      | 4024 ||| Stepping ~*~*~tactically~*~*~ (stealth).
  4375 | D:5      | Reached skill level 8 in Axes
  4388 | D:5      | 4388 ||| READING scroll of enchant weapon.
  4388 | D:5      | 4388 ||| ENCHANTING +1 war axe.
  4509 | D:5      | 4509 ||| UPGRADING to +1 pair of gloves.
  4514 | D:5      | 4514 ||| READING 3 scrolls labelled ZECKIE HUMISIR.
  4515 | D:5      | 4515 ||| READING 4 scrolls of identify.
  4515 | D:5      | 4515 ||| IDENTIFYING white potion
  4516 | D:5      | 4516 ||| READING 3 scrolls of identify.
  4516 | D:5      | 4516 ||| IDENTIFYING metallic emerald potion
  4517 | D:5      | 4517 ||| READING 2 scrolls of identify.
  4517 | D:5      | 4517 ||| IDENTIFYING murky dark potion
  4518 | D:5      | 4518 ||| DROPPING 2 scrolls of vulnerability.
  4519 | D:5      | 4519 ||| DROPPING potion of ambrosia.
  4538 | D:6      | 4538 ||| PLANNING SEWER
  4553 | D:6      | Found a glowing silver altar of Zin.
  4553 | D:6      | Found an iron altar of Okawaru.
  4589 | D:6      | 4589 ||| READING scroll of enchant weapon.
  4589 | D:6      | 4589 ||| ENCHANTING +2 war axe.
  4591 | D:6      | Noticed Sigmund
  4596 | D:6      | Killed Sigmund
  4597 | D:6      | Reached skill level 6 in Fighting
  4603 | D:6      | 4603 ||| FLEEEEING.
  4621 | D:6      | Found a glowing drain.
  4622 | D:6      | 4622 ||| READING scroll labelled COZEURPHUUQI.
  4654 | D:6      | Became a worshipper of Warmaster Okawaru
  4764 | D:6      | Reached skill level 1 in Throwing
  4764 | D:6      | Reached XP level 9. HP: 45/56 MP: 9/9
  4777 | D:6      | Reached skill level 9 in Axes
  4780 | D:6      | 4780 ||| FLEEEEING.
  4781 | D:6      | 4781 ||| FLEEEEING.
  4782 | D:6      | 4782 ||| FLEEEEING.
  4783 | D:6      | 4783 ||| FLEEEEING.
  4784 | D:6      | 4784 ||| FLEEEEING.
  4785 | D:6      | 4785 ||| FLEEEEING.
  4786 | D:6      | 4786 ||| FLEEEEING.
  4787 | D:6      | 4787 ||| FLEEEEING.
  4788 | D:6      | 4788 ||| FLEEEEING.
  4789 | D:6      | 4789 ||| FLEEEEING.
  4792 | D:6      | 4792 ||| STAIRDANCE
  4836 | D:6      | 4836 ||| DROPPING +4 flail.
  4842 | D:6      | Found a radiant altar of Vehumet.
  4846 | D:6      | 4846 ||| Stepping ~*~*~tactically~*~*~ (stealth).
  4847 | D:6      | 4847 ||| Stepping ~*~*~tactically~*~*~ (stealth).
  4875 | D:6      | Found a transporter.
  4877 | D:6      | Noticed qw's ghost (novice GrFi)
  4880 | D:6      | Noticed a cyclops
  4888 | D:6      | 4888 ||| READING scroll of teleportation.
  4890 | D:6      | 4890 ||| FLEEEEING.
  4967 | D:6      | 4967 ||| Stepping randomly (stuck).
  4976 | D:6      | 4976 ||| Stepping ~*~*~tactically~*~*~ (stealth).
  4978 | D:6      | 4978 ||| Stepping ~*~*~tactically~*~*~ (stealth).
  4979 | D:6      | 4979 ||| Stepping ~*~*~tactically~*~*~ (stealth).
  4981 | D:6      | Reached * piety under Okawaru
  4991 | D:6      | 4991 ||| INVOKING Heroism.
  4998 | D:6      | Reached skill level 1 in Invocations
  5019 | D:6      | 5019 ||| SWAPPING to +0 broad axe.
  5020 | D:6      | 5020 ||| DROPPING +3 war axe.
  5108 | D:6      | 5108 ||| UPGRADING to ring of protection from fire.
  5172 | Sewer    | Entered a sewer
  5182 | Sewer    | 5182 ||| Stepping ~*~*~tactically~*~*~ (stealth).
  5267 | Sewer    | 5267 ||| INVOKING Heroism.
  5301 | Sewer    | 5301 ||| Stepping ~*~*~tactically~*~*~ (stealth).
  5359 | Sewer    | 5359 ||| INVOKING Heroism.
  5360 | Sewer    | 5360 ||| Stepping ~*~*~tactically~*~*~ (water).
  5406 | Sewer    | 5406 ||| INVOKING Heroism.
  5458 | Sewer    | 5458 ||| Stepping ~*~*~tactically~*~*~ (stealth).
  5464 | Sewer    | 5464 ||| Stepping ~*~*~tactically~*~*~ (stealth).
  5475 | Sewer    | 5475 ||| Stepping ~*~*~tactically~*~*~ (stealth).
  5477 | Sewer    | 5477 ||| Stepping ~*~*~tactically~*~*~ (stealth).
  5529 | Sewer    | 5529 ||| INVOKING Heroism.
  5582 | Sewer    | 5582 ||| Stepping ~*~*~tactically~*~*~ (water).
  5812 | Sewer    | 5812 ||| UPGRADING to +0 plate armour.
  5822 | Sewer    | 5822 ||| DROPPING +0 chain mail.
  5823 | Sewer    | 5823 ||| DROPPING +4 scale mail "Gairega" {Harm Will- MP+9
                  | Dex+2}.
  5824 | Sewer    | 5824 ||| DROPPING +0 scale mail of fire resistance.
  5825 | Sewer    | 5825 ||| DRINKING 2 murky cyan potions.
  5862 | D:6      | 5862 ||| PLANNING D:1-11
  5927 | D:6      | Found a transporter.
  5957 | D:7      | Found a broken altar of Ashenzari.
  5963 | D:7      | Noticed a +0 dagger
  5963 | D:7      | Noticed a +0 falchion
  5964 | D:7      | Noticed a +0 spear
  5964 | D:7      | Noticed a +0 falchion
  5964 | D:7      | Noticed a +0 dagger
  5965 | D:7      | Noticed a +0 short sword
  5966 | D:7      | Noticed a +0 spear
  5966 | D:7      | Noticed a +0 short sword
  5968 | D:7      | Found a hide-covered altar of Uskayaw.
  6030 | D:7      | Found a burning altar of Makhleb.
  6107 | D:7      | Found Itoehum's CLEARANCE SALE!.
  6114 | D:7      | 6114 ||| BUYING scroll of blinking (37 gold).
  6114 | D:7      | Bought a scroll of blinking for 37 gold pieces
  6114 | D:7      | 6114 ||| BUYING scroll of enchant armour (37 gold).
  6114 | D:7      | Bought a scroll of enchant armour for 37 gold pieces
  6114 | D:7      | 6114 ||| READING scroll of enchant armour.
  6114 | D:7      | 6114 ||| ENCHANTING +1 pair of gloves.
  6191 | D:7      | Reached skill level 3 in Invocations
  6199 | D:7      | Found a staircase to the Ecumenical Temple.
  6199 | D:7      | Noticed Maggie
  6200 | D:7      | 6200 ||| Stepping ~*~*~tactically~*~*~ (hiding).
  6201 | D:7      | 6201 ||| Stepping ~*~*~tactically~*~*~ (hiding).
  6202 | D:7      | 6202 ||| Stepping ~*~*~tactically~*~*~ (hiding).
  6205 | D:7      | 6205 ||| Stepping ~*~*~tactically~*~*~ (hiding).
  6211 | D:7      | 6211 ||| INVOKING Heroism.
  6217 | D:7      | Killed Maggie
  6264 | D:7      | Identified the +7 trident of Ucvetelu {drain, rF- Str+6
                  | Int+3}
  6470 | D:7      | Reached skill level 6 in Armour
  6534 | D:7      | Noticed Pikel
  6535 | D:7      | 6535 ||| INVOKING Heroism.
  6550 | D:7      | 6550 ||| INVOKING Heroism.
  6563 | D:7      | Killed Pikel
  6564 | D:7      | Reached XP level 10. HP: 42/63 MP: 11/13
  6629 | D:8      | Found an ancient bone altar of Kikubaaqudgha.
  6635 | D:8      | 6635 ||| Stepping ~*~*~tactically~*~*~ (hiding).
  6636 | D:8      | 6636 ||| Stepping ~*~*~tactically~*~*~ (hiding).
  6638 | D:8      | 6638 ||| INVOKING Heroism.
  6708 | D:8      | 6708 ||| Stepping ~*~*~tactically~*~*~ (stealth).
  6708 | D:8      | Noticed Grum
  6709 | D:8      | 6709 ||| INVOKING Heroism.
  6725 | D:8      | Killed Grum
  6726 | D:8      | Reached skill level 10 in Axes
  6728 | D:8      | 6728 ||| INVOKING Heroism.
  6810 | D:8      | 6810 ||| Stepping ~*~*~tactically~*~*~ (stealth).
  6811 | D:8      | 6811 ||| Stepping ~*~*~tactically~*~*~ (hiding).
  6812 | D:8      | 6812 ||| Stepping ~*~*~tactically~*~*~ (hiding).
  6827 | D:8      | 6827 ||| Stepping ~*~*~tactically~*~*~ (stealth).
  6834 | D:8      | 6834 ||| INVOKING Heroism.
  6839 | D:8      | Reached ** piety under Okawaru
  6840 | D:8      | Found a flagged portal.
  7128 | D:8      | 7128 ||| READING scroll labelled WAOHAHACI.
  7169 | D:9      | Noticed a manticore
  7170 | D:9      | 7170 ||| INVOKING Heroism.
  7179 | D:9      | Killed a manticore
  7198 | D:9      | 7198 ||| Stepping ~*~*~tactically~*~*~ (stealth).
  7199 | D:9      | 7199 ||| Stepping ~*~*~tactically~*~*~ (stealth).
  7200 | D:9      | 7200 ||| Stepping ~*~*~tactically~*~*~ (stealth).
  7201 | D:9      | 7201 ||| Stepping ~*~*~tactically~*~*~ (stealth).
  7202 | D:9      | 7202 ||| Stepping ~*~*~tactically~*~*~ (stealth).
  7203 | D:9      | 7203 ||| Stepping ~*~*~tactically~*~*~ (stealth).
  7204 | D:9      | 7204 ||| Stepping ~*~*~tactically~*~*~ (stealth).
  7641 | D:9      | 7641 ||| INVOKING Heroism.
  7696 | D:9      | 7696 ||| INVOKING Heroism.
  7887 | D:9      | 7887 ||| INVOKING Heroism.
  7983 | D:10     | Entered Level 10 of the Dungeon
  8050 | D:10     | Noticed Fannar
  8056 | D:10     | 8056 ||| INVOKING Heroism.
  8078 | D:10     | Killed Fannar
  8078 | D:10     | Reached *** piety under Okawaru
  8079 | D:10     | Reached skill level 11 in Axes
  8079 | D:10     | Reached XP level 11. HP: 44/68 MP: 14/14
  8126 | D:10     | Noticed a two-headed ogre
  8127 | D:10     | 8127 ||| INVOKING Heroism.
  8139 | D:10     | Killed a two-headed ogre
  8165 | D:10     | Found a staircase to the Orcish Mines.
  8190 | D:10     | 8190 ||| Stepping ~*~*~tactically~*~*~ (stealth).
  8194 | D:10     | Reached skill level 9 in Fighting
  8195 | D:10     | 8195 ||| Stepping ~*~*~tactically~*~*~ (stealth).
  8266 | D:10     | 8266 ||| READING scroll of enchant weapon.
  8266 | D:10     | 8266 ||| ENCHANTING +0 broad axe.
  8310 | D:10     | 8310 ||| INVOKING Heroism.
  8346 | D:10     | 8346 ||| Stepping ~*~*~tactically~*~*~ (hiding).
  8720 | D:10     | Found Mufrab Kumig's Antique Armour Emporium.
  8725 | D:10     | 8725 ||| BUYING encrusted chain mail (380 gold).
  8725 | D:10     | Bought an encrusted chain mail for 380 gold pieces
  8725 | D:10     | Identified the +7 chain mail "Tofeh" {rF++ rN+} (You bought
                  | it in a shop on level 10 of the Dungeon)
  8725 | D:10     | 8725 ||| SHOPLISTING shiny helmet (300 gold, have 263).
  8728 | D:10     | 8728 ||| Stepping ~*~*~tactically~*~*~ (stealth).
  8729 | D:10     | Noticed a two-headed ogre
  8730 | D:10     | 8730 ||| Stepping ~*~*~tactically~*~*~ (stealth).
  8734 | D:10     | 8734 ||| Stepping ~*~*~tactically~*~*~ (stealth).
  8735 | D:10     | 8735 ||| Stepping ~*~*~tactically~*~*~ (stealth).
  8736 | D:10     | 8736 ||| Stepping ~*~*~tactically~*~*~ (stealth).
  8737 | D:10     | 8737 ||| Stepping ~*~*~tactically~*~*~ (stealth).
  8753 | D:10     | 8753 ||| INVOKING Heroism.
  8761 | D:10     | Killed a two-headed ogre
  8761 | D:10     | Reached **** piety under Okawaru
  8769 | D:10     | 8769 ||| INVOKING Heroism.
  8811 | D:10     | Identified the +1 ring mail of the Parsimonious God
                  | {Rampage rF++ Int+3 Dex-2}
  8900 | D:10     | 8900 ||| UPGRADING to +0 pair of boots.
  8905 | D:10     | 8905 ||| UPGRADING to +7 chain mail "Tofeh" {rF++ rN+}.
  8915 | D:10     | 8915 ||| DROPPING +0 plate armour.
  8936 | D:11     | 8936 ||| STAIRDANCE
  8950 | D:11     | 8950 ||| STAIRDANCE
  8994 | D:11     | Noticed a manticore
  8995 | D:11     | 8995 ||| Stepping ~*~*~tactically~*~*~ (hiding).
  8996 | D:11     | 8996 ||| Stepping ~*~*~tactically~*~*~ (hiding).
  8998 | D:11     | 8998 ||| INVOKING Heroism.
  9003 | D:11     | Killed a manticore
  9025 | D:11     | 9025 ||| Stepping ~*~*~tactically~*~*~ (stealth).
  9027 | D:11     | 9027 ||| Stepping ~*~*~tactically~*~*~ (stealth).
  9055 | D:11     | Reached skill level 12 in Axes
  9097 | D:11     | Noticed a two-headed ogre
  9098 | D:11     | 9098 ||| INVOKING Heroism.
  9106 | D:11     | Killed a two-headed ogre
  9106 | D:11     | Received a gift from Okawaru
  9107 | D:11     | Reached skill level 6 in Shields
  9107 | D:11     | Reached skill level 6 in Invocations
  9221 | D:11     | 9221 ||| INVOKING Heroism.
  9224 | D:11     | Noticed a boulder beetle
  9242 | D:11     | 9242 ||| INVOKING Heroism.
  9260 | D:11     | 9260 ||| INVOKING Heroism.
  9269 | D:11     | Killed a boulder beetle
  9337 | D:11     | 9337 ||| INVOKING Heroism.
  9370 | D:11     | 9370 ||| Stepping ~*~*~tactically~*~*~ (hiding).
  9371 | D:11     | 9371 ||| Stepping ~*~*~tactically~*~*~ (hiding).
  9516 | D:11     | 9516 ||| Stepping ~*~*~tactically~*~*~ (stealth).
  9517 | D:11     | 9517 ||| Stepping ~*~*~tactically~*~*~ (stealth).
  9653 | D:11     | Found a staircase to the Lair.
  9654 | D:11     | 9654 ||| INVOKING Heroism.
 10172 | D:11     | 10172 ||| PLANNING LAIR
 10172 | D:11     | 10172 ||| READING 6 scrolls of identify.
 10172 | D:11     | 10172 ||| IDENTIFYING viscous silvery potion
 10173 | D:11     | 10173 ||| DROPPING potion of berserk rage.
 10255 | Lair:1   | Entered Level 1 of the Lair of Beasts
 10259 | Lair:1   | 10259 ||| INVOKING Heroism.
 10289 | Lair:1   | Reached XP level 12. HP: 77/77 MP: 17/17
 10294 | Lair:1   | 10294 ||| INVOKING Heroism.
 10299 | Lair:1   | Reached ***** piety under Okawaru
 10343 | Lair:1   | 10343 ||| INVOKING Heroism.
 10427 | Lair:1   | 10427 ||| Stepping ~*~*~tactically~*~*~ (stealth).
 10429 | Lair:1   | 10429 ||| Stepping ~*~*~tactically~*~*~ (stealth).
 10433 | Lair:1   | 10433 ||| INVOKING Heroism.
 10435 | Lair:1   | Received a gift from Okawaru
 10490 | Lair:1   | Noticed Amaemon
 10491 | Lair:1   | 10491 ||| INVOKING Heroism.
 10509 | Lair:1   | Killed Amaemon
 10524 | Lair:1   | 10524 ||| INVOKING Heroism.
 10539 | Lair:1   | 10539 ||| DROPPING +4 flail of freezing.
 10804 | Lair:1   | 10804 ||| INVOKING Heroism.
 11064 | Lair:1   | 11064 ||| READING scroll labelled VEPROG FITO.
 11102 | Lair:2   | 11102 ||| STAIRDANCE
 11118 | Lair:2   | 11118 ||| STAIRDANCE
 11205 | Lair:2   | 11205 ||| READING scroll of enchant weapon.
 11205 | Lair:2   | 11205 ||| ENCHANTING +1 broad axe.
 11216 | Lair:2   | 11216 ||| READING scroll of enchant armour.
 11216 | Lair:2   | 11216 ||| ENCHANTING +0 helmet.
 11504 | Lair:2   | 11504 ||| INVOKING Heroism.
 11512 | Lair:2   | Reached skill level 9 in Invocations
 11587 | Lair:2   | Found a hole to the Spider Nest.
 11596 | Lair:2   | 11596 ||| INVOKING Heroism.
 11606 | Lair:2   | Received a gift from Okawaru
 11856 | Lair:3   | 11856 ||| STAIRDANCE
 11861 | Lair:2   | Reached skill level 13 in Axes
 11869 | Lair:3   | 11869 ||| STAIRDANCE
 11902 | Lair:3   | Found a staircase to the Shoals.
 11942 | Lair:3   | Noticed an eight-headed hydra
 11943 | Lair:3   | 11943 ||| Stepping ~*~*~tactically~*~*~ (stealth).
 11944 | Lair:3   | 11944 ||| INVOKING Heroism.
 11945 | Lair:3   | 11945 ||| SWAPPING to +1 demon whip of venom.
 11946 | Lair:3   | 11946 ||| INVOKING Finesse.
 11956 | Lair:3   | Killed an eight-headed hydra
 11957 | Lair:3   | 11957 ||| SWAPPING to +2 broad axe.
 12056 | Lair:3   | 12056 ||| INVOKING Heroism.
 12084 | Lair:3   | 12084 ||| Stepping ~*~*~tactically~*~*~ (stealth).
 12087 | Lair:3   | 12087 ||| Stepping ~*~*~tactically~*~*~ (stealth).
 12099 | Lair:3   | 12099 ||| Stepping ~*~*~tactically~*~*~ (stealth).
 12112 | Lair:3   | Reached XP level 13. HP: 82/82 MP: 20/20
 12192 | Lair:3   | 12192 ||| INVOKING Heroism.
 12250 | Lair:3   | Found a runed translucent gate.
 12250 | Lair:3   | Found a runed translucent gate.
 12250 | Lair:3   | Found a runed translucent gate.
 12256 | Lair:3   | Noticed qw's ghost (journeyman TrCA)
 12263 | Lair:3   | Noticed Sonja
 12265 | Lair:3   | 12265 ||| INVOKING Finesse.
 12295 | Abyss:1  | Cast into level 1 of the Abyss (Sonja)
 12357 | Abyss:1  | Noticed a starcursed mass
 12362 | Abyss:1  | 12362 ||| INVOKING Heroism.
 12371 | Abyss:1  | Reached skill level 14 in Axes
 12379 | Abyss:1  | 12379 ||| Stepping ~*~*~tactically~*~*~ (stealth).
 12380 | Abyss:1  | 12380 ||| Stepping ~*~*~tactically~*~*~ (stealth).
 12381 | Abyss:1  | 12381 ||| Stepping ~*~*~tactically~*~*~ (stealth).
 12381 | Abyss:1  | Found a corrupted altar of Lugonu.
 12382 | Abyss:1  | 12382 ||| Stepping ~*~*~tactically~*~*~ (stealth).
 12411 | Abyss:1  | 12411 ||| Stepping ~*~*~tactically~*~*~ (stealth).
 12433 | Abyss:1  | 12433 ||| Stepping ~*~*~tactically~*~*~ (stealth).
 12434 | Abyss:1  | 12434 ||| Stepping ~*~*~tactically~*~*~ (stealth).
 12437 | Abyss:1  | Found a corrupted altar of Lugonu.
 12454 | Abyss:1  | Received a gift from Okawaru
 12464 | Abyss:1  | Noticed a tentacled starspawn
 12465 | Abyss:1  | 12465 ||| INVOKING Heroism.
 12477 | Abyss:1  | Killed a tentacled starspawn
 12500 | Abyss:1  | 12500 ||| Stepping ~*~*~tactically~*~*~ (stealth).
 12550 | Abyss:1  | 12550 ||| Stepping ~*~*~tactically~*~*~ (stealth).
 12551 | Abyss:1  | 12551 ||| Stepping ~*~*~tactically~*~*~ (stealth).
 12555 | Abyss:1  | 12555 ||| INVOKING Heroism.
 12576 | Abyss:1  | 12576 ||| Stepping ~*~*~tactically~*~*~ (stealth).
 12594 | Abyss:1  | Noticed a red draconian
 12595 | Abyss:1  | 12595 ||| Stepping ~*~*~tactically~*~*~ (stealth).
 12596 | Abyss:1  | 12596 ||| Stepping ~*~*~tactically~*~*~ (stealth).
 12598 | Abyss:1  | 12598 ||| Stepping ~*~*~tactically~*~*~ (stealth).
 12604 | Abyss:1  | 12604 ||| INVOKING Heroism.
 12616 | Abyss:1  | Noticed a starcursed mass
 12627 | Abyss:1  | Killed a red draconian
 12636 | Abyss:1  | 12636 ||| Stepping ~*~*~tactically~*~*~ (hiding).
 12637 | Abyss:1  | 12637 ||| DRINKING 6 potions of curing.
 12637 | Abyss:1  | 12637 ||| (to cure confusion)
 12638 | Abyss:1  | 12638 ||| DRINKING 5 potions of curing.
 12638 | Abyss:1  | 12638 ||| (to cure confusion)
 12640 | Abyss:1  | Reached skill level 9 in Armour
 12643 | Abyss:1  | 12643 ||| DRINKING 4 potions of curing.
 12643 | Abyss:1  | 12643 ||| (to cure confusion)
 12646 | Abyss:1  | 12646 ||| DRINKING 3 potions of curing.
 12646 | Abyss:1  | 12646 ||| (to cure confusion)
 12651 | Abyss:1  | HP: 14/67 [starcursed mass/accursed screaming (7)]
 12652 | Abyss:1  | 12652 ||| READING scroll of teleportation.
 12652 | Abyss:1  | HP: 5/67 [starcursed mass (10)]
 12653 | Abyss:1  | 12653 ||| DRINKING 3 potions of heal wounds.
 12689 | Abyss:1  | Noticed a purple very ugly thing
 12689 | Abyss:1  | Noticed an ironbound thunderhulk
 12690 | Abyss:1  | Noticed an ironbound thunderhulk
 12690 | Abyss:1  | Noticed an ironbound thunderhulk
 12690 | Abyss:1  | 12690 ||| INVOKING Heroism.
 12794 | Abyss:1  | 12794 ||| Stepping ~*~*~tactically~*~*~ (stealth).
 12794 | Abyss:1  | Found a runed translucent door.
 12812 | Lair:3   | Escaped the Abyss
 12813 | Lair:3   | 12813 ||| INVOKING Heroism.
 12813 | Lair:3   | HP: 14/58 [Sonja/+0 short sword of distortion (16)]
 12814 | Lair:3   | 12814 ||| FLEEEEING.
 12815 | Lair:3   | 12815 ||| FLEEEEING.
 12816 | Lair:3   | 12816 ||| FLEEEEING.
 12817 | Lair:3   | 12817 ||| FLEEEEING.
 12818 | Lair:3   | 12818 ||| FLEEEEING.
 12819 | Lair:3   | 12819 ||| STAIRDANCE
 12860 | Lair:3   | 12860 ||| INVOKING Finesse.
 12889 | Lair:3   | 12889 ||| INVOKING Heroism.
 12889 | Lair:3   | HP: 14/58 [Sonja/+0 short sword of distortion (16)]
 12889 | Abyss:1  | Cast into level 1 of the Abyss (Sonja)
 12907 | Abyss:1  | 12907 ||| Stepping ~*~*~tactically~*~*~ (stealth).
 12907 | Abyss:1  | Found a corrupted altar of Lugonu.
 12909 | Abyss:1  | 12909 ||| Stepping ~*~*~tactically~*~*~ (stealth).
 12910 | Abyss:1  | 12910 ||| Stepping ~*~*~tactically~*~*~ (stealth).
 12987 | Abyss:1  | 12987 ||| Stepping ~*~*~tactically~*~*~ (stealth).
 12988 | Abyss:1  | 12988 ||| Stepping ~*~*~tactically~*~*~ (stealth).
 12991 | Abyss:1  | 12991 ||| Stepping ~*~*~tactically~*~*~ (stealth).
 12998 | Abyss:1  | 12998 ||| INVOKING Heroism.
 13019 | Abyss:1  | Noticed a bone dragon
 13022 | Abyss:1  | 13022 ||| Stepping ~*~*~tactically~*~*~ (stealth).
 13023 | Abyss:1  | 13023 ||| Stepping ~*~*~tactically~*~*~ (stealth).
 13035 | Abyss:1  | 13035 ||| INVOKING Heroism.
 13047 | Abyss:1  | HP: 13/67 [bone dragon (9)]
 13048 | Abyss:1  | 13048 ||| DRINKING 2 potions of heal wounds.
 13055 | Abyss:1  | HP: 14/67 [bone dragon (13)]
 13056 | Abyss:1  | 13056 ||| DRINKING potion of heal wounds.
 13065 | Abyss:1  | HP: 2/67 [bone dragon (19)]
 13066 | Abyss:1  | Killed a bone dragon
 13066 | Abyss:1  | Identified the +3 hand axe of Demonkind {flame, rF+}
                  | (Okawaru gifted it to you on level 1 of the Abyss)
 13066 | Abyss:1  | Received a gift from Okawaru
 13079 | Abyss:1  | Noticed an eidolon
 13080 | Abyss:1  | 13080 ||| INVOKING Heroism.
 13085 | Abyss:1  | HP: 9/75 [eidolon (12)]
 13091 | Abyss:1  | Reached skill level 15 in Axes
 13091 | Abyss:1  | Mangled by an eidolon

Levels and vault maps discovered:
D:1:      lightli_arrival_boilingwater, layout_loops_cross, serial_shops,
          nicolae_shop_advertising_works [nicolae_subvault_shop_adworks]
D:2:      layout_basic, shapermc_ecumenical_altar_mp_ritualfount,
          minmay_gold_behind_fungi
D:3:      layout_loops_cross, fedhas_ov_isle_minmay
D:4:      layout_basic, nicolae_ossuary_entry_plus, uniq_crazy_yiuf_cottage,
          uniq_eustachio
D:5:      layout_gridville, chequers_serial_rivers_large_a, due_unseen_surprise
D:6:      layout_basic, fiery_altar_vehumet, gammafunk_temple_overflow_statue,
          gammafunk_ghost_arena, gup_sewer_entry_glass, uniq_sigmund
D:7:      layout_loops_cross, nicolae_uskayaw_en_pointe,
          mainiacjoe_overflow_concentric_impassable, lemuel_round_altar,
          minmay_temple_entry_water_ring, nicolae_shop_clearance, uniq_pikel,
          uniq_maggie
D:8:      layout_rooms, nicolae_kikubaaqudgha_miasma_corner, enter_bailey_5,
          minivault_23, kennysheep_windowed_goal, uniq_grum
D:9:      layout_roguey, fungi_pond_lemuel, st_stairs_10,
          nicolae_underground_beach
D:10:     layout_basic, orc_0_dummy, serial_shops, nicolae_shop_stone,
          uniq_fannar
D:11:     nicolae_cairo_tiling, layout_basic, grunt_lair_entry_orc_guard_hut
Lair:1:   layout_gridlike, serial_bayou_ford_a, hibernation_bobbens,
          serial_bayou_shore_b, uniq_amaemon
Lair:2:   layout_chaotic_city, dummy_spider_entry, lemuel_fruit_fields,
          serial_bayou_shore_a
Lair:3:   layout_chaotic_city, elwin_shoals_entry_rocks,
          ebering_ghost_rock_garden, chequers_serial_rivers_small_b,
          cheibrodos_lair_reptile_den, uniq_sonja
Abyss:1:  base: Lair:3, hangedman_abyss_lost_library, base:
D:15

Skill      XL: |  1  2  3  4  5  6  7  8  9 10 11 12 13 |
---------------+----------------------------------------+-----
Axes           | 2 3 4 5 6 7 8 9 11 12 13 15 | 15.0
Fighting       | 4 6 7 8 9 10 11 | 11.0
Dodging        | 2 |  2.3
Armour         | 4 6 7 8 9 |  9.0
Throwing       | 1 2 |  2.0
Shields        | 4 5 6 7 |  7.1
Invocations    | 4 7 10 | 10.0

Action                   |  1- 3 |  4- 6 |  7- 9 | 10-12 | 13-15 || total
-------------------------+-------+-------+-------+-------+-------++-------
Melee: War axe           |   101 |    74 |   226 |       |       ||   401
       Broad axe         |       |       |   146 |   548 |   202 ||   896
       Demon whip        |       |       |       |    10 |       ||    10
Throw: Boomerang         |       |       |    33 |    38 |    38 ||   109
Invok: Heroism           |       |       |     8 |    31 |    11 ||    50
       Finesse           |       |       |       |     1 |     2 ||     3
  Use: Scroll            |     6 |       |    15 |     6 |     1 ||    28
       Potion            |     2 |       |     3 |       |     7 ||    12
Armor: Scale mail        |    26 |       |       |       |       ||    26
       Chain mail        |    27 |    28 |   152 |   213 |   163 ||   583
       Plate armour      |       |       |    17 |   175 |       ||   192
Dodge: Dodged            |    39 |    23 |   124 |   238 |    94 ||   518
Block: Buckler           |    19 |    11 |    77 |   155 |    70 ||   332

Table legend:
 A = Non-vault XP
 B = Vault XP
 C = Vault XP percentage of total XP
 D = Non-vault monster count
 E = Vault monster count
 F = Vault count percentage of total count
                 A         B        C        D         E       F
            +---------+---------+-------+---------+---------+-------
      Total |   41916 |    6671 |  13.7 |     281 |      93 |  24.9
            +---------+---------+-------+---------+---------+-------
        D:1 |      34 |       0 |   0.0 |      19 |       0 |   0.0
        D:2 |      65 |       0 |   0.0 |      19 |       0 |   0.0
        D:3 |     118 |       0 |   0.0 |      19 |       0 |   0.0
        D:4 |     325 |     211 |  39.4 |      19 |       1 |   5.0
        D:5 |     340 |       0 |   0.0 |       7 |       0 |   0.0
        D:6 |    1373 |     279 |  16.9 |      33 |       6 |  15.4
        D:7 |     422 |    1039 |  71.1 |       4 |       2 |  33.3
        D:8 |     799 |     674 |  45.8 |      13 |       9 |  40.9
        D:9 |    1223 |     784 |  39.1 |      14 |       3 |  17.6
       D:10 |    4349 |     855 |  16.4 |      18 |       1 |   5.3
       D:11 |    3316 |     705 |  17.5 |      17 |       6 |  26.1
     Lair:1 |    4232 |    1200 |  22.1 |      21 |       2 |   8.7
     Lair:2 |    4691 |       0 |   0.0 |      22 |       0 |   0.0
     Lair:3 |    4870 |       0 |   0.0 |      19 |       0 |   0.0
    Abyss:1 |   15759 |       0 |   0.0 |      37 |       0 |   0.0
      Sewer |       0 |     211 | 100.0 |       0 |      50 | 100.0
    Ossuary |       0 |     713 | 100.0 |       0 |      13 | 100.0
            +---------+---------+-------+---------+---------+-------
